 Dungeon Crawl Stone Soup version 0.32-a0-931-g5a2cda0630 (webtiles) character file.

Game seed: 10420771577636888875

11533 Biggs the Unseen (level 11, -1/55 HPs)
             Began as a Vine Stalker Brigand on Apr 13, 2024.
             Was a Priest of Wu Jian.
             Succumbed to a black mamba's poison
             ... on level 2 of the Lair of Beasts.
             The game lasted 00:27:11 (4057 turns).

Biggs the Unseen (Vine Stalker Brigand)             Turns: 4057, Time: 00:27:11

Health: -1/55      AC:  9    Str: 11 (13) XL:     11   Next: 79%
Magic:  7/12       EV: 13    Int:  8 (11) God:    Wu Jian [***...]
Gold:   395        SH:  0    Dex: 19 (21) Spells: 10/10 levels left

rFire   . . .        q - +2 dagger (venom)
rCold   . . .        (no shield)
rNeg    . . .        f - +2 ring mail {Will+}
rPois   .            w - +0 helmet
rElec   .            c - +0 cloak
rCorr   +            (no gloves)
SInv    .            (no boots)
Will    ++...        (no amulet)
Stlth   +++++        k - ring of resist corrosion
HPRegen 1.09/turn    t - +4 ring of slaying
MPRegen 0.13/turn

%: guardian spirit
@: lethally poisoned (-1 -> -11)
A: fangs 3, regeneration 1, magic shield, antimagic bite, no potion heal 2
a: Renounce Religion, Wall Jump, Serpent's Lash


You were on level 2 of the Lair of Beasts.
You worshipped Wu Jian.
Wu Jian was most pleased with you.
You visited 3 branches of the dungeon, and saw 11 of its levels.

You collected 395 gold pieces.

Inventory:

Hand Weapons
 a - a +2 dagger
 q - a +2 dagger of venom (weapon)
 r - a +2 dagger of flaming
 x - the +6 rapier of the Boiling Point {holy, Stlth+}
   (You took it off an orc on level 6 of the Dungeon)

   Stlth+:    It makes you more stealthy.
Missiles
 d - 16 poisoned darts (quivered)
 e - 3 curare-tipped darts
 l - a throwing net
Armour
 c - a +0 cloak (worn)
 f - a +2 ring mail of willpower (worn)
 u - the +2 robe "Guca" {rElec rPois rF++ rCorr}
   (You found it on level 5 of the Dungeon)

   rF++:      It greatly protects you from fire.
   rElec:     It insulates you from electricity.
   rPois:     It protects you from poison.
   rCorr:     It protects you from acid and corrosion.
 w - a +0 helmet (worn)
 y - a +0 troll leather armour
 B - the +0 pair of gloves of Articulation {Rampage rCorr Str-5 Int-3}
   (You found it on level 1 of the Lair of Beasts)

   Str-5:     It affects your strength (-5).
   Int-3:     It affects your intelligence (-3).
   rCorr:     It protects you from acid and corrosion.
   Rampage:   It bestows one free step when moving towards enemies.
Jewellery
 k - a ring of resist corrosion (left hand)
 t - a +4 ring of slaying (right hand)
Wands
 C - a wand of polymorph (4)
Scrolls
 b - 2 scrolls of noise
 g - a scroll of identify
 j - a scroll of amnesia
 m - 2 scrolls of silence
 n - 5 scrolls of vulnerability
 o - a scroll of poison
 v - 3 scrolls of teleportation
Potions
 h - a potion of degeneration
 i - a potion of heal wounds {unknown}
 p - a potion of cancellation
 s - 2 potions of haste {unknown}
 z - a potion of enlightenment {unknown}
 A - 2 potions of curing {unknown}


   Skills:
 - Level 5.0 Fighting
 - Level 10.0 Short Blades
 - Level 1.7 Throwing
 + Level 7.5 Dodging
 - Level 15.0 Stealth


You had 10 spell levels left.
You didn't know any spells.
Your spell library contained the following spells:

 Spells                   Type           Power      Damage    Failure   Level
 Passwall                 Erth           0%         N/A       97%         3
 Volatile Blastmotes      Fire/Tloc      0%         2d10      97%         3
 Vhi's Electric Charge    Tloc/Air       0%         N/A       100%        4
 Bombard                  Conj/Erth      0%         9d1       100%        6


Dungeon Overview and Level Annotations

Branches:
Dungeon (8/15)             Temple (1/1) D:6            Lair (2/5) D:8
 Spider (0/4) Lair:2
  Swamp: Lair:2-3    Shoals: Lair:2-3

Altars:
Ashenzari
Cheibriados
Dithmenos
Fedhas
Gozag
Hepliaklqana
Kikubaaqudgha
Makhleb
Nemelex Xobeh
Okawaru
Qazlal
Ru
Sif Muna
Trog
Uskayaw
Vehumet
Wu Jian
Xom
Yredelemnul
Zin
The Shining One

Shops:
D:5 :

Annotations:
Temple 2 transporters


Innate Abilities, Weirdness & Mutations

You have razor-sharp teeth.
Your natural rate of healing is unusually fast.
When hurt, damage is shared between your health and your magic reserves.
Your bite disrupts and absorbs the magic of your enemies.
Potions cannot restore your health.


Message History

You closely miss the black mamba. Your bite misses the black mamba.
The black mamba is heavily wounded.
You feel sick. The black mamba closely misses you.
You hit the black mamba. You bite the black mamba. You drain its power.
The black mamba is heavily wounded.
You feel sick. The black mamba barely misses you.
Unknown command.
You miss the black mamba. Your bite misses the black mamba.
The black mamba is heavily wounded.
You feel sick. The black mamba bites you!
You closely miss the black mamba.
You bite the black mamba, but do no damage.
The black mamba is heavily wounded.
You feel sick. The black mamba bites you.
You are lethally poisoned!
The black mamba poisons you!
You hit the black mamba but do no damage.
The black mamba is poisoned.
Your bite misses the black mamba.
The black mamba is heavily wounded.
* * * LOW HITPOINT WARNING * * *
You feel very sick. The black mamba bites you!
* * * LOW HITPOINT WARNING * * *
Okay, then.
You barely miss the black mamba.
The black mamba is heavily wounded.
* * * LOW HITPOINT WARNING * * *
You feel very sick. The black mamba closely misses you.
Unknown command.
Unknown command.
It was a potion of degeneration.
There was something very wrong with that liquid.
You feel weakened.
You feel dopey.
You feel clumsy.
* * * LOW HITPOINT WARNING * * *
You feel very sick.
The black mamba bites you but does no damage.
Unknown command.
It was a potion of cancellation.
You feel magically purged.
You die...

# ##### #### ##
#^##.#...#####..####P#
......S..............#
.......@.P#.#'#.##...#
.........####.#)..#..#
.....##..##......##..#
....
....##.......#..## ...
..#...#.......#..P# ..
...#..##......#...P# .
.. ...##......##..###
...#####.####....#
..+.##...###


You could see a black mamba (very poisoned).

Vanquished Creatures
  A hydra (Lair:1)
  2 wolf spiders (Lair:2)
  A black mamba (Lair:2)
  2 cane toads
  2 komodo dragons
  A troll (D:7)
  8 blink frogs
  Grinder (D:6)
  2 polar bears (Lair:2)
  4 wyverns
  A steam dragon (D:8)
  10 yaks
  2 basilisks
  7 water moccasins
  Duvessa (D:7)
  A black bear (Lair:1)
  An orc warrior (D:6)
  An ice beast (D:5)
  2 sky beasts
  An ogre (D:4)
  11 wolves
  A centaur (D:5)
  A phantom (D:7)
  7 bullfrogs
  A scorpion (D:4)
  Dowan (D:7)
  A bombardier beetle (D:5)
  2 hounds (D:6)
  A jelly (D:5)
  7 orc priests
  A sleepcap (D:8)
  3 gnoll boudas
  2 iguanas
  10 orc wizards
  5 adders
  13 gnolls
  5 white imps
  3 ufetubi
  2 dart slugs
  46 orcs
  5 endoplasms
  4 giant cockroaches
  3 goblins
  7 hobgoblins
  5 quokkas
  3 ball pythons
  2 bats
  6 kobolds
  A rat (D:2)
210 creatures vanquished.

Vanquished Creatures (others)
  A gnoll (D:7)
1 creature vanquished.

Grand Total: 211 creatures vanquished

Notes
Turn   | Place    | Note
-------+----------+-------------------------------------------
     0 | D:1      | Biggs the Vine Stalker Brigand began the quest for the Orb.
     0 | D:1      | Reached XP level 1. HP: 11/11 MP: 2/2
   164 | D:1      | Reached XP level 2. HP: 14/15 MP: 3/3
   315 | D:2      | Reached XP level 3. HP: 18/18 MP: 4/4
   544 | D:3      | Found an iron altar of Okawaru.
   637 | D:3      | Reached XP level 4. HP: 8/23 MP: 1/5
   708 | D:3      | Identified the +2 robe "Lyarec" {Int+2}
   785 | D:3      | Reached XP level 5. HP: 17/26 MP: 4/6
   858 | D:4      | Reached skill level 5 in Short Blades
   865 | D:4      | Found a bloodstained altar of Trog.
   910 | D:4      | Noticed an ogre
   917 | D:4      | Killed an ogre
   918 | D:4      | Reached XP level 6. HP: 18/30 MP: 5/7
  1214 | D:5      | Entered Level 5 of the Dungeon
  1248 | D:5      | Found Fusiwaz's Book Shoppe.
  1259 | D:5      | Reached XP level 7. HP: 25/34 MP: 5/8
  1781 | D:5      | Identified the +2 robe "Guca" {rElec rPois rF++ rCorr}
  1988 | D:6      | Gained mutation: You have razor-sharp teeth. [Vine Stalker
                  | growth]
  1988 | D:6      | Reached XP level 8. HP: 32/38 MP: 9/9
  2133 | D:6      | Identified the +6 rapier of the Boiling Point {holy,
                  | Stlth+}
  2160 | D:6      | Noticed Grinder
  2169 | D:6      | Killed Grinder
  2170 | D:6      | Found a staircase to the Ecumenical Temple.
  2197 | Temple   | Found a transporter.
  2197 | Temple   | Found a transporter.
  2197 | Temple   | Found a transporter.
  2197 | Temple   | Found a transporter.
  2197 | Temple   | Entered the Ecumenical Temple
  2212 | Temple   | Became a worshipper of the Wu Jian Council
  2368 | D:6      | Reached skill level 10 in Short Blades
  2453 | D:7      | Reached XP level 9. HP: 41/44 MP: 8/10
  2482 | D:7      | Noticed Dowan
  2483 | D:7      | Noticed Duvessa
  2493 | D:7      | Killed Duvessa
  2499 | D:7      | Killed Dowan
  2504 | D:7      | Reached * piety under Wu Jian
  2613 | D:7      | Reached skill level 5 in Fighting
  2613 | D:7      | Reached skill level 1 in Dodging
  2733 | D:7      | Noticed a troll
  2740 | D:7      | Killed a troll
  2913 | D:8      | Reached skill level 5 in Dodging
  2915 | D:8      | Reached ** piety under Wu Jian
  2928 | D:8      | Reached skill level 5 in Stealth
  2928 | D:8      | Reached XP level 10. HP: 47/51 MP: 11/11
  2963 | D:8      | Reached skill level 6 in Stealth
  2973 | D:8      | Reached skill level 7 in Stealth
  3041 | D:8      | Reached skill level 8 in Stealth
  3069 | D:8      | Reached skill level 9 in Stealth
  3109 | D:8      | Found a staircase to the Lair.
  3126 | D:8      | Reached skill level 10 in Stealth
  3158 | D:8      | Noticed a manticore
  3262 | Lair:1   | Entered Level 1 of the Lair of Beasts
  3280 | Lair:1   | Noticed a cane toad
  3305 | Lair:1   | Killed a cane toad
  3328 | Lair:1   | Reached skill level 11 in Stealth
  3361 | Lair:1   | Noticed an eight-headed hydra
  3368 | Lair:1   | Killed an eight-headed hydra
  3369 | Lair:1   | Reached skill level 12 in Stealth
  3369 | Lair:1   | Reached XP level 11. HP: 55/55 MP: 12/12
  3455 | Lair:1   | Reached *** piety under Wu Jian
  3456 | Lair:1   | Reached skill level 13 in Stealth
  3572 | Lair:1   | Identified the +0 pair of gloves of Articulation {Rampage
                  | rCorr Str-5 Int-3}
  3713 | Lair:2   | Reached skill level 14 in Stealth
  3866 | Lair:2   | Reached skill level 15 in Stealth
  3944 | Lair:2   | Found a hole to the Spider Nest.
  3944 | Lair:2   | Noticed a wolf spider
  3945 | Lair:2   | Noticed a wolf spider
  3952 | Lair:2   | Killed a wolf spider
  3953 | Lair:2   | Killed a wolf spider
  4056 | Lair:2   | HP: 2/55 [poisoned by a black mamba]
  4057 | Lair:2   | Succumbed to a black mamba's poison

Illustrated notes

Levels and vault maps discovered:
D:1:      psy_arrival_whirlpool, layout_basic, st_stairs_14
D:2:      layout_loops_ring, minmay_fractal_squares_5
D:3:      layout_loops_cross, mainiacjoe_overflow_six_doors_small,
          cheibrodos_sewer_entry_bend
D:4:      layout_gridville, bloody_trog, hangedman_decor_clover_reticule
D:5:      layout_loops_corners, serial_shops, shop, dk_vineyard_2
D:6:      layout_loops_corners, minmay_temple_entry_junction_2,
          minmay_small_thing, uniq_grinder
D:7:      layout_layer_cave, hangedman_abyss_or_decor_passed, minmay_circle_x,
          uniq_joseph, uniq_menkaure, uniq_duvessa, uniq_pikel
D:8:      layout_loops_cross, minmay_lair_entry_grove,
          onia_ninara_dug_in_and_dangerous
Temple:   hellmonk_temple_divided_pantheon
Lair:1:   layout_regular_city, grunt_megastairs_1
Lair:2:   layout_regular_city, spider_nest_entry_rubble, grunt_megastairs_4

Skill      XL: |  1  2  3  4  5  6  7  8  9 10 11 |
---------------+----------------------------------+-----
Short Blades   | 2 3 4 5 6 8 10 | 10.0
Fighting       | 3 5 |  5.0
Dodging        | 5 6 7 |  7.5
Stealth        | 5 12 15 | 15.0
Throwing       | |  1.7

Action                     |  1- 3 |  4- 6 |  7- 9 | 10-12 || total
---------------------------+-------+-------+-------+-------++-------
  Melee: Dagger            |   110 |   129 |   306 |   317 ||   862
         Bite              |    35 |    40 |   106 |   120 ||   301
         Rapier            |       |       |     5 |       ||     5
 Invoke: Serpent's Lash    |       |       |       |     1 ||     1
Ability: Lunge             |       |       |    18 |    10 ||    28
         Whirlwind         |       |       |     5 |    21 ||    26
    Use: Scroll            |       |       |     6 |       ||     6
         Potion            |       |       |       |     2 ||     2
   Stab: Sleeping          |     4 |     3 |     6 |     7 ||    20
 Armour: Ring mail         |    80 |    91 |   150 |   110 ||   431
  Dodge: Dodged            |    58 |    60 |   105 |   118 ||   341

Table legend: (Time is in decaauts)
 A = Elapsed time spent in this place.
 B = Non-inter-level travel time spent in this place.
 C = Inter-level travel time spent in this place.
 D = Time resting spent in this place.
 E = Time spent auto-exploring this place.
 F = Levels seen in this place.
 G = Mean time per level.
                   A        B        C        D        E       F      G
               +--------+--------+--------+--------+--------+-----+--------+
         Total |   3758 |   3745 |     13 |      0 |      0 |  11 |  341.6 |
       Dungeon |   3026 |   3026 |      0 |      0 |      0 |   8 |  378.2 |
        Temple |     30 |     17 |     13 |      0 |      0 |   1 |   30.0 |
          Lair |    702 |    702 |      0 |      0 |      0 |   2 |  351.0 |
               +--------+--------+--------+--------+--------+-----+--------+

Top non-repeatable levels by time:
     D:5: 627 daAuts
     D:7: 482 daAuts
     D:6: 427 daAuts
     D:4: 402 daAuts
  Lair:1: 400 daAuts
  Lair:2: 301 daAuts
     D:8: 295 daAuts
     D:3: 286 daAuts
     D:2: 277 daAuts
     D:1: 226 daAuts
  Temple: 30 daAuts
